 Dungeon Crawl Stone Soup version 0.29-a0-367-gc2b5878c41 (webtiles) character file.

Game seed: 4499714230837339111

5 Essalna the Grave Robber (level 1, 0/13 HPs)
             Began as a Demonspawn Necromancer on May 1, 2022.
             Constricted to death by a ball python (1 damage)
             ... on level 2 of the Dungeon.
             The game lasted 00:01:05 (452 turns).

Essalna the Grave Robber (Demonspawn Necromancer)    Turns: 452, Time: 00:01:07

Health: 0/13       AC:  2    Str:  8    XL:     1   Next: 66%
Magic:  0/3        EV:  9    Int: 16    God:
Gold:   24         SH:  0    Dex: 13    Spells: 3/4 levels left

rFire   . . .      SeeInvis .   (no weapon)
rCold   . . .      Faith    .   (no shield)
rNeg    . . .      Spirit   .   a - +0 robe
rPois   .          Reflect  .   (no helmet)
rElec   .          Harm     .   (no cloak)
rCorr   .          Rampage  .   (no gloves)
Will    .....                   (no boots)
Stlth   ++........              (no amulet)
HPRegen 0.04/turn               (no ring)
MPRegen 0.08/turn               (no ring)

@: constricted
A: no striking features
a: no special abilities


You were on level 2 of the Dungeon.
You visited 1 branch of the dungeon, and saw 2 of its levels.

You collected 24 gold pieces.

Inventory:

Armour
 a - a +0 robe (worn)


   Skills:
 - Level 1.7 Dodging
 - Level 1.7 Stealth
 + Level 2.2 Spellcasting
 + Level 4.5 Necromancy


You had 3 spell levels left.
You knew the following spells:

 Your Spells              Type           Power      Damage    Failure   Level
a - Pain                  Necr           64%        1d7       3%          1

Your spell library contained the following spells:

 Spells                   Type           Power      Damage    Failure   Level
 Animate Skeleton         Necr           32%        N/A       3%          1
 Vampiric Draining        Necr           16%        2d7       10%         3
 Animate Dead             Necr           8%         N/A       30%         4
 Agony                    Necr           16%        N/A       65%         5


Dungeon Overview and Level Annotations

Branches:
Dungeon (2/15)

Altars:


Message History

Confirm with . or Enter, or press ? or * to list all spells.
Aiming: Pain (safe; 3% risk of failure)
Press: ? - help, Shift-Dir - straight line, f/p - ball python
Aim: a ball python (chance to affect: 86%)
The ball python barely resists.
The ball python bites you but does no damage.
The ball python grabs you. The ball python constricts you.
Casting: Pain (safe; 3% risk of failure)
Confirm with . or Enter, or press ? or * to list all spells.
Aiming: Pain (safe; 3% risk of failure)
Press: ? - help, Shift-Dir - straight line, f/p - ball python
Aim: a ball python (constricting you, chance to affect: 86%)
Okay, then.
You escape the ball python's grasp.
The ball python misses you. x2
You climb downwards.
There is a stone staircase leading up here.
Casting: Pain (safe; 3% risk of failure)
Confirm with . or Enter, or press ? or * to list all spells.
Aiming: Pain (safe; 3% risk of failure)
Press: ? - help, Shift-Dir - straight line, f - ball python
Aim: a ball python (chance to affect: 86%)
The ball python barely resists.
The ball python barely misses you. The ball python closely misses you.
Casting: Pain (safe; 3% risk of failure)
Confirm with . or Enter, or press ? or * to list all spells.
You don't have enough magic to cast this spell.
Unknown command.
You aren't carrying any potions.
You aren't carrying any potions.
You aren't carrying any potions.
You aren't carrying any items that you can evoke.
As you read the scroll labelled TAEPYA BIAXZIYT, it crumbles to dust.
You feel aware of your surroundings.
It was a scroll of magic mapping.
The ball python closely misses you. The ball python grabs you.
The ball python constricts you.
* * * LOW HITPOINT WARNING * * *
You hit the ball python.
The ball python is moderately wounded.
The ball python misses you. The ball python constricts you.
You die...

#.........####..#*****,,,.#S
##........# #..# *,#...*
#........####..######..#..#
#.....##...........<....#**
##.##..#######..####....#...
##..##...........# #.#.#....
#.#....##.#####.#####.#......
##.....#.######........,#..K.
##..<.....S@....#**#.#,,#...
#....#########.# #.#,,,###
#.#.## *.#**#.#,,*,,* #....#*
*,**,,,*,*,,,* #.###.#*****
*,**,***,,,,*, #.# *...,,,*
*>**,* *,,,*,,
#.#**,###*,***,**,***,,,,,,
##.,,** *,**,,,,,,,,,,,,,*
**,** *,**,,**,***,,,,,,


You could see a ball python.

Vanquished Creatures
  A ball python (D:1)
  A bat (D:1)
  A hobgoblin (D:2)
  A kobold (D:1)
  A rat (D:1)
5 creatures vanquished.

Notes
Turn   | Place    | Note
-------+----------+-------------------------------------------
     0 | D:1      | Essalna the Demonspawn Necromancer began the quest for the
                  | Orb.
     0 | D:1      | Reached XP level 1. HP: 13/13 MP: 3/3
   452 | D:2      | Constricted to death by a ball python

Illustrated notes

Levels and vault maps discovered:
D:1:      wander_arrival_lonely_grave, layout_basic,
          dreamdust_ecumenical_altar_angels_and_demons, serial_bayou,
          serial_bayou_pond_d, serial_bayou_lagoon_b, serial_bayou_lake_a,
          serial_bayou_pond_d
D:2:      layout_loops_ring, minmay_splitting_lines

Action                   || total
-------------------------++-------
Melee: Unarmed           ||     3
 Cast: Pain              ||    12
  Use: Scroll            ||     1
       Potion            ||     1
Armor: Robe              ||     5
Dodge: Dodged            ||    27

Table legend: (Time is in decaauts)
 A = Elapsed time spent in this place.
 B = Non-inter-level travel time spent in this place.
 C = Inter-level travel time spent in this place.
 D = Time resting spent in this place.
 E = Time spent auto-exploring this place.
 F = Levels seen in this place.
 G = Mean time per level.
                   A        B        C        D        E       F      G
               +--------+--------+--------+--------+--------+-----+--------+
         Total |    452 |    452 |      0 |      0 |    358 |   2 |  226.0 |
       Dungeon |    452 |    452 |      0 |      0 |    358 |   2 |  226.0 |
               +--------+--------+--------+--------+--------+-----+--------+

Top non-repeatable levels by time:
     D:2: 341 daAuts
     D:1: 111 daAuts
